 Dungeon Crawl Stone Soup version 0.31.0-11-ge490571c62 (webtiles) character file.

Game seed: 12180570109941818398

1282 PistonLoop the Cleaver (level 8, -10/70 HPs)
             Began as a Minotaur Fighter on Jan 31, 2024.
             Was a Priest of Zin.
             Killed by an exploding Edmund (54 damage)
             ... ignited by their inner flame
             ... on level 6 of the Dungeon.
             The game lasted 00:43:42 (5245 turns).

PistonLoop the Cleaver (Minotaur Fighter)           Turns: 5245, Time: 00:43:45

Health: -10/70     AC: 13    Str: 29    XL:     8   Next: 29%
Magic:  7/7        EV:  8    Int:  5    God:    Zin [***...]
Gold:   219        SH:  4    Dex: 10    Spells: 7/7 levels left

rFire   x . .        a - +0 war axe (heavy)
rCold   . . .        c - +0 buckler
rNeg    + . .        l - +0 plate armour
rPois   .            (helmet restricted)
rElec   .            w - scarf of Inliq {harm, rF- rN+ Str+6}
rCorr   .            (no gloves)
SInv    .            (no boots)
Will    .....        u - amulet of regeneration Stlth
                     b - ring of fire
HPRegen 1.11/turn    F - ring of ice
MPRegen 0.10/turn

%: harm (+30% outgoing, +20% incoming)
@: no status effects
A: horns 2, retaliatory headbutt
a: Renounce Religion, Recite, Vitalisation, Imprison, Donate Gold


You were on level 6 of the Dungeon.
You worshipped Zin.
Zin was most pleased with you.
You visited 1 branch of the dungeon, and saw 6 of its levels.

You collected 243 gold pieces.
You donated 24 gold pieces to Zin.

Inventory:

Hand Weapons
 a - a +0 heavy war axe (weapon)
 f - a +0 dagger
 m - a +0 dagger
 p - a +0 sling
 v - a +0 hand axe
 E - a +2 dagger of venom
Missiles
 g - 58 stones (quivered)
 I - 6 boomerangs
Armour
 c - a +0 buckler (worn)
 l - a +0 plate armour (worn)
 o - a +0 chain mail
 w - the scarf of Inliq (worn) {harm, rF- rN+ Str+6}
   (You found it on level 3 of the Dungeon)

   Str+6:     It affects your strength (+6).
   rF-:       It makes you vulnerable to fire.
   rN+:       It protects you from negative energy.
 G - a +0 helmet
Magical Staves
 e - a staff of alchemy
Jewellery
 b - a ring of fire (left hand)
 u - an amulet of regeneration (around neck)
 F - a ring of ice (right hand)
Talismans
 h - a talisman of death
 A - a blade talisman
Wands
 B - a wand of flame (16)
Scrolls
 k - 2 scrolls of fear
 t - a scroll of revelation {unknown}
 x - a scroll of enchant armour {unknown}
 y - 2 scrolls of teleportation
 z - a scroll of enchant weapon {unknown}
 C - 2 scrolls of amnesia
 H - a scroll of blinking
Potions
 d - a potion of might
 i - a potion of cancellation
 j - 2 potions of attraction
 n - 3 potions of enlightenment
 q - a potion of curing
 r - a potion of heal wounds {unknown}
 s - a potion of lignification {unknown}


   Skills:
 + Level 6.0 Fighting
 + Level 8.4 Axes
 + Level 1.0 Ranged Weapons
 + Level 0.1 Throwing
 + Level 7.2 Armour
 + Level 1.2 Dodging
 + Level 1.0 Stealth
 + Level 4.7 Shields
 + Level 0.1 Invocations


You had 7 spell levels left.
You didn't know any spells.
Your spell library contained the following spells:

 Spells                   Type           Power      Damage    Failure   Level
 Magic Dart               Conj           0%         1d3       99%         1
 Mercury Vapours          Alch/Air       0%         N/A       100%        2
 Searing Ray              Conj           0%         2d4       100%        2
 Mephitic Cloud           Conj/Alch/Air  0%         N/A       100%        3
 Fulminant Prism          Conj/Alch      0%         3d5       100%        4
 Freezing Cloud           Conj/Ice/Air   0%         6-21      100%        5


Dungeon Overview and Level Annotations

Branches:
Dungeon (6/15)
 Temple: D:4-7

Altars:
Wu Jian
Zin

Shops:
D:3 [


Innate Abilities, Weirdness & Mutations

You have a pair of horns on your head.
You reflexively headbutt those who attack you in melee.


Message History

Edmund is lightly wounded.
Edmund hits you but does no damage.
You closely miss Edmund.
Edmund is lightly wounded.
Edmund hits you with a +1 dire flail of holy wrath.
You block Edmund's attack.
You slash Edmund!
Edmund is heavily wounded.
Edmund hits you with a +1 dire flail of holy wrath!
You closely miss Edmund. You headbutt Edmund, but do no damage.
Edmund is heavily wounded.
Edmund hits you but does no damage.
Edmund hits you with a +1 dire flail of holy wrath!
You barely miss Edmund. Your headbutt misses Edmund.
Edmund is heavily wounded.
You block Edmund's attack.
You barely miss Edmund.
Edmund is heavily wounded.
You are ready to recite again.
You block Edmund's attack. Edmund hits you but does no damage.
You barely miss Edmund.
Edmund is heavily wounded.
Edmund hits you with a +1 dire flail of holy wrath.
Edmund closely misses you.
Read: scroll of immolation
Press: ? - help, Q - select action, (/) - cycle Dir - look around, f - activate Look: Edmund, wielding a +1 dire flail of holy wrath and wearing a +0 scale mail (heavily wounded, susceptible)
As you read the scroll of immolation, it crumbles to dust.
The creatures around you are filled with an inner flame!
Edmund barely misses you.
Unknown command.
Unknown command.
You hit Edmund but do no damage.
Flame seeps out of Edmund.
You headbutt Edmund.
Edmund is heavily wounded.
Edmund is engulfed in blazing flames.
Edmund explodes!
The fiery explosion engulfs you!!! The fire burns you terribly!
Ouch! That really hurt!
You die...

... ... . .... >.# ####
..... ..##..##..... ...#..
....#...# ..... ##.§...#
.....#. ...###..@○§#
#........ ###...###.§§##
......... ..#.#...#...###
#........ .......#..#
#..........# .#...##.####
#..........#
##...##..#.####...# #....#
##.................###.....
##......#####.#.............
##........##
#...............


There were no monsters in sight!

Vanquished Creatures
  Sigmund (D:6)
  Eustachio (D:4)
  Edmund (D:6)
  2 water moccasins
  An ice beast (D:4)
  A phantom (D:4)
  2 scorpions
  2 water moccasin zombies (D:4)
  A bombardier beetle (D:6)
  A hound (D:6)
  An orc priest (D:6)
  A jelly (D:6)
  A bullfrog skeleton (D:4)
  A centaur skeleton (D:4)
  A scorpion zombie (D:4)
  Ijyb (D:4)
  A hound zombie (D:4)
  A howler monkey zombie (D:4)
  Robin (D:4)
  A gnoll (D:1)
  4 adders
  A ribbon worm (D:2)
  2 dart slugs
  8 orcs
  4 ball pythons
  3 endoplasms
  2 giant cockroaches (D:1)
  14 goblins
  2 hobgoblins
  8 quokkas
  6 bats
  2 frilled lizards
  2 kobolds (D:1)
  5 rats
86 creatures vanquished.

Notes
Turn   | Place    | Note
-------+----------+-------------------------------------------
     0 | D:1      | PistonLoop the Minotaur Fighter began the quest for the
                  | Orb.
     0 | D:1      | Reached XP level 1. HP: 19/19 MP: 0/0
   116 | D:1      | Found a faded altar of an unknown god.
   166 | D:1      | Reached XP level 2. HP: 27/27 MP: 1/1
   732 | D:1      | Reached XP level 3. HP: 14/33 MP: 2/2
  1113 | D:1      | Prayed at the altar of an unknown god.
  1113 | D:1      | Became a worshipper of Zin the Law-Giver
  1113 | D:1      | Reached * piety under Zin
  1375 | D:2      | Reached skill level 1 in Dodging
  2076 | D:2      | Reached skill level 3 in Axes
  2076 | D:2      | Reached XP level 4. HP: 35/41 MP: 3/3
  2098 | D:2      | Reached ** piety under Zin
  3191 | D:3      | Found Kiuff's Antique Armour Boutique.
  3404 | D:3      | Identified the scarf of Inliq {harm, rF- rN+ Str+6}
  3662 | D:4      | Noticed Eustachio
  3666 | D:4      | Reached skill level 4 in Axes
  3666 | D:4      | Reached XP level 5. HP: 47/47 MP: 4/4
  3672 | D:4      | Killed Eustachio
  3673 | D:4      | Reached skill level 5 in Fighting
  3673 | D:4      | Reached skill level 5 in Axes
  3673 | D:4      | Reached skill level 5 in Armour
  3673 | D:4      | Reached XP level 6. HP: 38/56 MP: 5/5
  3786 | D:4      | Noticed Ijyb
  3795 | D:4      | Killed Ijyb
  3796 | D:4      | Reached skill level 1 in Stealth
  4107 | D:4      | Noticed an ice beast
  4111 | D:4      | Killed an ice beast
  4112 | D:4      | Reached skill level 6 in Axes
  4112 | D:4      | Reached XP level 7. HP: 61/61 MP: 6/6
  4123 | D:4      | Reached *** piety under Zin
  4210 | D:4      | Noticed Robin
  4215 | D:4      | Killed Robin
  4929 | D:5      | Entered Level 5 of the Dungeon
  4944 | D:5      | Reached skill level 7 in Axes
  5100 | D:6      | Found an ornate altar of the Wu Jian Council.
  5133 | D:6      | Reached XP level 8. HP: 28/70 MP: 7/7
  5135 | D:6      | Reached skill level 8 in Axes
  5224 | D:6      | Noticed Sigmund
  5229 | D:6      | Noticed Edmund
  5233 | D:6      | Killed Sigmund
  5234 | D:6      | Reached skill level 1 in Ranged Weapons
  5245 | D:6      | Killed Edmund
  5245 | D:6      | Killed by an exploding Edmund... ignited by their inner
                  | flame

Illustrated notes

Levels and vault maps discovered:
D:1:      tekkud_arrival_beachfront_property, layout_basic,
          dreamdust_ecumenical_altar_angels_and_demons
D:2:      layout_loops_cross
D:3:      layout_basic, serial_shops, nicolae_shop_real_fake_doors,
          minmay_misc_feat_five
D:4:      layout_loops_cross, serial_undead, serial_undead_d, serial_undead_c,
          serial_undead_d, serial_undead_c, kennysheep_doodads, uniq_ijyb,
          uniq_eustachio, uniq_robin
D:5:      layout_loops_ring, mainiacjoe_overflow_paths,
          amethyst_overflow_temple_binary, uniq_duvessa
D:6:      layout_cave_pools, nzn_wu_jian_contemplation,
          minmay_temple_entry_large_hall, nicolae_figureground_sparkle,
          uniq_sigmund, uniq_edmund

Skill      XL: |  1  2  3  4  5  6  7  8 |
---------------+-------------------------+-----
Armour         | 4 5 6 7 |  7.2
Shields        | 4 |  4.7
Fighting       | 4 5 6 |  6.0
Dodging        | 1 |  1.2
Axes           | 3 4 5 6 7 8 |  8.4
Stealth        | 1 |  1.0
Ranged Weapons | 1 |  1.0
Throwing       | |  0.1
Invocations    | |  0.1

Action                     |  1- 3 |  4- 6 |  7- 9 || total
---------------------------+-------+-------+-------++-------
  Melee: War axe           |    77 |    41 |    65 ||   183
         Headbutt          |     9 |     3 |    10 ||    22
   Fire: Sling             |       |     1 |     1 ||     2
  Throw: Stone             |     3 |     1 |     1 ||     5
 Invoke: Recite            |       |       |     1 ||     1
    Use: Scroll            |     6 |     1 |     5 ||    12
         Potion            |       |       |     2 ||     2
 Armour: Scale mail        |    35 |       |       ||    35
         Plate armour      |    72 |    44 |    71 ||   187
  Dodge: Dodged            |    40 |    20 |    35 ||    95
  Block: Buckler           |    22 |     9 |    22 ||    53
